 Dungeon Crawl Stone Soup version 0.21.1-1-g345015f (webtiles) character file.

44 aMcNicky the Skirmisher (level 3, -3/33 HPs)
             Began as a Minotaur Fighter on Mar 3, 2018.
             Slain by Sigmund
             ... wielding a +6 scythe of flaming
              (5 damage)
             ... on level 2 of the Dungeon.
             The game lasted 00:03:36 (1356 turns).

aMcNicky the Skirmisher (Minotaur Fighter)          Turns: 1356, Time: 00:03:36

Health: -3/33      AC:  9    Str: 26    XL:     3   Next: 39%
Magic:  2/2        EV:  7    Int:  5    God:
Gold:   92         SH: 10    Dex:  9    Spells: 2/2 levels left

rFire    . . .     SeeInvis .   a - +0 flail
rCold    . . .     Gourm    .   c - +0 shield
rNeg     . . .     Faith    .   b - +0 scale mail
rPois    .         Spirit   .   (helmet restricted)
rElec    .         Reflect  .   (no cloak)
rCorr    .         Harm     .   e - +1 pair of gloves
MR       .....                  (no boots)
Stlth    ..........             (no amulet)
HPRegen  0.11/turn              (no ring)
MPRegen  0.08/turn              (no ring)

@: mighty
A: retaliatory headbutt, horns 2
a: no special abilities


You were on level 2 of the Dungeon.
You were hungry.

You visited 1 branch of the dungeon, and saw 2 of its levels.

You collected 92 gold pieces.

Inventory:

Hand Weapons
 a - a +0 flail (weapon)
Armour
 b - a +0 scale mail (worn)
 c - a +0 shield (worn)
 e - a +1 pair of gloves (worn)
 l - a +1 cloak
Jewellery
 i - an uncursed ring of protection from fire {unknown}
Scrolls
 j - a scroll of enchant armour
 o - 4 scrolls of identify {unknown}
Potions
 h - a potion of flight {unknown}
 k - a potion of curing {unknown}
 m - a potion of berserk rage {unknown}
 n - a potion of mutation {unknown}
Comestibles
 f - 4 rations
 g - a chunk of flesh


   Skills:
 - Level 4.0 Fighting
 + Level 3.5 Maces & Flails
 - Level 4.0 Armour
 - Level 4.0 Shields


You had 2 spell levels left.
You didn't know any spells.

Dungeon Overview and Level Annotations

Branches:
Dungeon (2/15)

Altars:

Annotations:
D:2 Sigmund


Innate Abilities, Weirdness & Mutations

You reflexively headbutt those who attack you in melee.
You have a pair of horns on your head.


Message History

You start resting.
Some of the chunks of flesh in your inventory have rotted away.
You feel very mighty all of a sudden.
You are feeling hungry.
Sigmund shouts!
Sigmund gestures wildly while chanting.
Sigmund flickers and vanishes!
Deactivating autopickup; reactivate with Ctrl-A.
No target in view!
Something hits you. Something burns you.
A hobgoblin comes into view. It is wielding a club.
Something hits you but does no damage.
You miss something. Something hits you but does no damage.
You closely miss something. You headbutt something! You miss something.
You headbutt something! Something hits you! Something burns you.
You barely miss something. Something hits you!
* * * LOW HITPOINT WARNING * * *
Something burns you.
You die...

#.w....>................
........###.........#.##
#.......................
#..............#....#...
#...............#....#...
#.#.###.......†...#....#...
#.#.# ####.....)..#....#.##
###.#.######........#....#.##
............@......######...#
#.......{g......# #...#
#####...............######...#
#............................#
#..............####..........#
##..............# #..........#
#.....####......# #######....#
#...#....#........ #.........#
.##...#....#####....#
#........##


You could see a hobgoblin.

Vanquished Creatures
  A gnoll (D:2)
  A worm (D:2)
  2 giant cockroaches
  5 goblins
  A hobgoblin (D:1)
  2 jackals (D:2)
  6 kobolds
  7 bats
  A frilled lizard (D:2)
  5 rats
31 creatures vanquished.

Notes
Turn   | Place    | Note
-------+----------+-------------------------------------------
     0 | D:1      | aMcNicky the Minotaur Fighter began the quest for the Orb.
     0 | D:1      | Reached XP level 1. HP: 19/19 MP: 0/0
   141 | D:1      | You fall through a shaft!
   218 | D:2      | Reached XP level 2. HP: 25/27 MP: 1/1
   359 | D:2      | Noticed Sigmund
   563 | D:1      | Reached XP level 3. HP: 33/33 MP: 2/2
  1356 | D:2      | Slain by Sigmund

Skill      XL: |  1  2 |
---------------+-------+-----
Fighting       | 4 |  4.0
Armour         | 4 |  4.0
Shields        | 4 |  4.0
Maces & Flails | 3 |  3.5

Action                   || total
-------------------------++-------
Melee: Flail             ||    92
       Headbutt          ||     6
  Use: Scroll            ||     1
       Potion            ||     1
  Eat: Chunk             ||     1
Armor: Scale mail        ||    46
Dodge: Dodged            ||    27
Block: Shield            ||    51
